 Dungeon Crawl Stone Soup version 0.23.2-40-g277498a001 (webtiles) character file.

Game seed: 6041089089903522807

1908 FishyPogo the Blocker (level 8, -1/71 HPs)
             Began as a Minotaur Fighter on Aug 13, 2019.
             Was a Follower of Okawaru.
             Slain by an orc warrior
             ... wielding a +0 dire flail
              (18 damage)
             ... on level 5 of the Dungeon.
             The game lasted 00:24:21 (5755 turns).

FishyPogo the Blocker (Minotaur Fighter)            Turns: 5755, Time: 00:24:22

Health: -1/71      AC:  6    Str: 23    XL:     8   Next: 94%
Magic:  0/7        EV:  9    Int:  5    God:    Okawaru [*.....]
Gold:   409        SH: 11    Dex: 10    Spells: 7/7 levels left

rFire    . . .     SeeInvis .   a - +0 long sword
rCold    + . .     Gourm    .   c - +0 shield
rNeg     . . .     Faith    .   o - +0 ring mail {rC+}
rPois    .         Spirit   +   (helmet restricted)
rElec    .         Reflect  .   (no cloak)
rCorr    .         Harm     .   (no gloves)
MR       .....                  (no boots)
Stlth    ..........             b - amulet of guardian spirit
HPRegen  0.21/turn              (no ring)
MPRegen  0.10/turn              (no ring)

@: no status effects
A: retaliatory headbutt, horns 2
a: Heroism, Renounce Religion


You were on level 5 of the Dungeon.
You worshipped Okawaru.
Okawaru was aware of your devotion.
You were not hungry.

You visited 1 branch of the dungeon, and saw 6 of its levels.

You collected 409 gold pieces.

Inventory:

Hand Weapons
 a - a +0 long sword (weapon)
Missiles
 h - 296 stones (quivered)
 k - 3 tomahawks
Armour
 c - a +0 shield (worn)
 m - a +0 large shield
 o - a +0 ring mail of cold resistance (worn)
Jewellery
 b - an amulet of guardian spirit (around neck)
Scrolls
 e - 7 scrolls of identify {unknown}
 g - 3 scrolls of remove curse {unknown}
 i - 5 scrolls of teleportation {unknown}
 l - a scroll of random uselessness {unknown}
 u - a scroll of blinking {unknown}
Potions
 d - a potion of might
 n - a potion of mutation {unknown}
 p - a potion of brilliance {unknown}
 q - a potion of curing
 r - a potion of flight {unknown}
 t - a potion of heal wounds {unknown}
Comestibles
 f - 16 rations
 s - 7 chunks of flesh


   Skills:
 + Level 6.3 Fighting
 * Level 8.0 Long Blades
 * Level 3.6 Throwing
 + Level 6.4 Armour
 * Level 8.4 Shields


You had 7 spell levels left.
You didn't know any spells.
Your spell library contained the following spells:

 Spells                   Type           Power        Failure   Level  Hunger
 Confusing Touch          Hex            #.....       88%         1    ##.....
 Magic Dart               Conj           #...         88%         1    ##.....
 Blink                    Tloc           N/A          96%         2    ###....
 Call Imp                 Summ           #.......     96%         2    ###....
 Slow                     Hex            #.......     96%         2    ###....
 Confuse                  Hex            #.......     99%         3    ####...
 Conjure Flame            Conj/Fire      #.......     99%         3    ####...
 Gell's Gravitas          Tloc           #.........   99%         3    ####...
 Mephitic Cloud           Conj/Pois/Air  #.......     99%         3    ####...
 Petrify                  Tmut/Erth      #.......     100%        4    #####..
 Metabolic Englaciation   Hex/Ice        #.........   100%        5    ######.
 Yara's Violent Unravell  Hex/Tmut       #.........   100%        5    ######.


Dungeon Overview and Level Annotations

Branches:
Dungeon (6/15)             Temple (0/1) D:4

Altars:
Ashenzari
Cheibriados
Fedhas
Kikubaaqudgha
Okawaru

Annotations:
D:3 2 transporters, kalagan's ghost, weakling DESu
D:5 5 runed translucent doors
D:6 Prince Ribbit


Innate Abilities, Weirdness & Mutations

You reflexively headbutt those who attack you in melee.
You have a pair of horns on your head.


Message History

You hit the orc warrior.
The orc warrior is moderately wounded.
The orc warrior misses you. You furiously retaliate!
You headbutt the orc warrior.
You riposte.
You slash the orc warrior!
The orc warrior is severely wounded.
You hit the orc warrior but do no damage.
You headbutt the orc warrior, but do no damage.
The orc warrior is severely wounded.
The orc warrior barely misses you. You furiously retaliate!
You headbutt the orc warrior, but do no damage.
The soldier ant twitches its antennae in your direction.
You hit the orc warrior but do no damage.
The orc warrior is severely wounded.
The orc warrior misses you. You furiously retaliate!
You headbutt the orc warrior! You closely miss the orc warrior.
The orc warrior is almost dead.
You feel a little less agile now.
The orc warrior hits you with a +0 dire flail!!
You die...

...[##################....#.#>#
..#..### ##### ##.#.....#
.###..>########...#####)###.###
..#..#...............##.###.#
.....#......................#
.#.#.#...#..##.......##.###.#
.#.#.................##.###.##
.....###.###...o.....##.##...####
...###.#.#a###..@....##..#.......
..##...#.#.aa##......##......####
..#S...+++...a#......###.##.##
#.#aS..#?#..aa#......# #.##.#
#.#S...#(#....#......# #.##.#
..#S..#####..a#..##..###.##.#
..##+##...##+##..##.........#
...##yy.....##...###.###.####
....##yyy..##..#.# #.# #.#


You could see 3 soldier ants and an orc warrior.

Vanquished Creatures
  Pikel (D:5)
  Grinder (D:4)
  An ice beast (D:5)
  2 phantoms
  4 slaves (D:5)
  2 ogres
  A centaur (D:4)
  A scorpion (D:5)
  A bullfrog skeleton (D:4)
  2 orc priests
  2 hounds
  A jelly (D:3)
  6 orc wizards
  Natasha (thrice) (D:4 D:3)
  2 worker ants (D:6)
  Robin (D:4)
  2 adders
  6 gnolls
  2 shadow imps
  An ooze (D:3)
  An adder skeleton (D:5)
  A worm (D:2)
  5 dart slugs
  2 leopard geckos
  16 orcs
  A ball python (D:1)
  A bat (D:2)
  4 giant cockroaches
  18 goblins
  14 hobgoblins
  5 jackals
  3 quokkas
  3 frilled lizards
  6 kobolds
  A leopard gecko skeleton (D:4)
  A quokka skeleton (D:6)
  7 rats
131 creatures vanquished.

Vanquished Creatures (others)
  A leopard gecko (D:5)
1 creature vanquished.

Grand Total: 132 creatures vanquished

Notes
Turn   | Place    | Note
-------+----------+-------------------------------------------
     0 | D:1      | FishyPogo the Minotaur Fighter began the quest for the Orb.
     0 | D:1      | Reached XP level 1. HP: 19/19 MP: 0/0
     2 | D:1      | Noticed a halfling
     2 | D:1      | Noticed a demonspawn
     4 | D:1      | Noticed a minotaur
     4 | D:1      | Noticed a vampire
     6 | D:1      | Noticed a ghoul
     8 | D:1      | Noticed a naga
     8 | D:1      | Noticed a felid
    10 | D:1      | Noticed a dwarf
    10 | D:1      | Noticed a vine stalker
    12 | D:1      | Noticed a centaur
    14 | D:1      | Noticed a troll
    14 | D:1      | Noticed a human
    16 | D:1      | Noticed an elf
    16 | D:1      | Noticed a tengu
    18 | D:1      | Noticed a demigod
    18 | D:1      | Noticed a merfolk
    20 | D:1      | Noticed an ogre
    22 | D:1      | Noticed a spriggan
    22 | D:1      | Noticed a draconian
    24 | D:1      | Noticed a gargoyle
    26 | D:1      | Noticed a formicid
    26 | D:1      | Noticed an octopode
   162 | D:1      | Reached XP level 2. HP: 25/27 MP: 1/1
   786 | D:2      | Reached XP level 3. HP: 30/33 MP: 2/2
   835 | D:2      | You fall through a shaft for 2 floors!
   840 | D:4      | Noticed Natasha
   849 | D:4      | Killed Natasha
  1016 | D:3      | Found a transporter.
  1038 | D:2      | Reached XP level 4. HP: 40/40 MP: 3/3
  1413 | D:3      | Noticed kalagan's ghost (weakling DESu)
  1479 | D:3      | Found a snail-covered altar of Cheibriados.
  1515 | D:3      | Noticed a phantom
  1572 | D:3      | Found a transporter.
  2005 | D:3      | Reached XP level 5. HP: 47/47 MP: 4/4
  2053 | D:3      | Reached skill level 5 in Shields
  2254 | D:3      | Killed a phantom
  2470 | D:4      | Noticed an ogre
  2479 | D:4      | Noticed Natasha
  2489 | D:4      | Killed Natasha
  2549 | D:4      | Reached XP level 6. HP: 47/53 MP: 5/5
  2675 | D:4      | Noticed Natasha
  2816 | D:3      | Reached skill level 5 in Long Blades
  2833 | D:3      | Killed Natasha
  3106 | D:4      | Reached skill level 5 in Fighting
  3127 | D:4      | Reached skill level 5 in Armour
  3352 | D:4      | Found a blossoming altar of Fedhas.
  3367 | D:4      | Reached XP level 7. HP: 52/61 MP: 6/6
  3400 | D:4      | Found a shattered altar of Ashenzari.
  3400 | D:4      | Noticed Robin
  3417 | D:4      | Noticed Grinder
  3433 | D:4      | Killed Robin
  3451 | D:4      | Paralysed by Grinder for 5 turns
  3461 | D:4      | Paralysed by Grinder for 3 turns
  3464 | D:4      | Killed Grinder
  3811 | D:4      | Found an iron altar of Okawaru.
  3919 | D:4      | Became a worshipper of Warmaster Okawaru
  4024 | D:4      | Found a staircase to the Ecumenical Temple.
  4065 | D:5      | Entered Level 5 of the Dungeon
  4252 | D:4      | Reached skill level 1 in Throwing
  4276 | D:5      | Found a runed translucent gate.
  4276 | D:5      | Found a runed translucent gate.
  4276 | D:5      | Found a runed translucent gate.
  4284 | D:5      | Found a runed translucent door.
  4284 | D:5      | Found a runed translucent door.
  4416 | D:5      | Noticed Pikel
  4470 | D:5      | Killed Pikel
  4470 | D:5      | Reached * piety under Okawaru
  4470 | D:5      | Reached XP level 8. HP: 12/70 MP: 2/7
  5143 | D:5      | Found the +9 staff of Olgreb {rPois}
  5466 | D:6      | Reached ** piety under Okawaru
  5476 | D:6      | Found an ancient bone altar of Kikubaaqudgha.
  5551 | D:6      | Noticed Prince Ribbit
  5755 | D:5      | Slain by an orc warrior

Skill      XL: |  1  2  3  4  5  6  7  8 |
---------------+-------------------------+-----
Long Blades    | 3 4 5 7 8 |  8.0
Shields        | 4 5 6 7 8 |  8.4
Armour         | 4 5 6 |  6.4
Fighting       | 4 5 6 |  6.3
Throwing       | 2 3 |  3.6

Action                   |  1- 3 |  4- 6 |  7- 9 || total
-------------------------+-------+-------+-------++-------
Melee: Long sword        |    73 |   143 |   278 ||   494
       Headbutt          |    16 |    32 |    53 ||   101
Throw: Stone             |    12 |    63 |    19 ||    94
       Tomahawk          |       |       |     3 ||     3
  Use: Potion            |       |       |     4 ||     4
 Stab: Invisible         |       |       |     4 ||     4
  Eat: Chunk             |       |     7 |     9 ||    16
Armor: Scale mail        |    32 |    62 |    31 ||   125
       Ring mail         |       |       |    43 ||    43
Dodge: Dodged            |    16 |    39 |    68 ||   123
Block: Shield            |    43 |    61 |   118 ||   222
       Rpst.: Long sword |     2 |    10 |    15 ||    27
